 Dungeon Crawl Stone Soup version 0.18-a0-750-g37044d6 (webtiles) character file.

89149 ventricule the Severer (level 15, -1/143 HPs)
             Began as a Minotaur Berserker on Dec 11, 2015.
             Was the Champion of Trog.
             Slain by Norris
             ... wielding a +4 spear of flaming
              (18 damage)
             ... on level 14 of the Dungeon.
             The game lasted 00:40:13 (20564 turns).

ventricule the Severer (Minotaur Berserker)        Turns: 20564, Time: 00:40:13

Health: -1/143     AC: 33    Str: 22    XL:     15   Next: 48%
Magic:  14/14      EV: 13    Int: 15    God:    Trog [******]
Gold:   1020       SH:  0    Dex: 14    Spells: 0 memorised, 14 levels left

rFire  + . .     SeeInvis .     b - +2 executioner's axe (venom)
rCold  . . .     Clarity  +     f - +10 plate armour "Fakamik" {rF+ Int+2}
rNeg   . . .     SustAt   .     (shield currently unavailable)
rPois  .         Gourm    .     W - +2 hat {Int+3}
rElec  .         Spirit   .     I - +0 cloak
rCorr  .         Dismiss  .     (no gloves)
rMut   .         Stasis   .     T - +0 pair of boots
MR     ++...                    k - amulet of regeneration
Stlth  ..........               p - +4 ring of intelligence
                                D - ring of protection from magic

@: exhausted, very slightly contaminated, slowed, very slow, very resistant to
hostile enchantments, extremely unstealthy
A: retaliatory headbutt, horns 2, clarity
a: Berserk, Trog's Hand, Brothers in Arms, Burn Spellbooks, Renounce Religion


You were on level 14 of the Dungeon.
You worshipped Trog.
Trog was exalted by your worship.
You were not hungry.

You visited 3 branches of the dungeon, and saw 26 of its levels.
You also visited: Sewer.

You collected 2287 gold pieces.
You spent 1267 gold pieces at shops.


Innate Abilities, Weirdness & Mutations

You reflexively headbutt those who attack you in melee.
You have a pair of horns on your head.
You possess an exceptional clarity of mind.


   Skills:
 - Level 15.7 Fighting
 + Level 17.9 Axes
 - Level 17.1 Armour
 - Level 12.8 Dodging


You had 14 spell levels left.
You didn't know any spells.

Inventory:

Hand Weapons
 a - a +2 antimagic battleaxe
 b - a +2 executioner's axe of venom (weapon)
 B - a +2 battleaxe of flaming
Missiles
 n - 7 poisoned javelins (quivered)
Armour
 f - the +10 plate armour "Fakamik" (worn) {rF+ Int+2}

   It affects your intelligence (+2).
   It protects you from fire.
 I - a +0 cloak (worn)
 T - a +0 pair of boots (worn)
 W - a +2 hat of intelligence (worn)
Jewellery
 k - an amulet of regeneration (around neck)
 m - an uncursed amulet of guardian spirit
 p - a +4 ring of intelligence (right hand)
 q - an uncursed ring of magical power
 w - an uncursed amulet of stasis
 D - a ring of protection from magic (left hand)
 N - an uncursed ring of ice
Wands
 l - a wand of fire (6)
 v - a wand of fire (5)
 P - a wand of cold (1)
 V - a wand of fireball (2)
 Z - a wand of teleportation (1) {!d@v4}
Scrolls
 j - 6 scrolls of enchant armour
 o - 10 scrolls of remove curse
 t - 2 scrolls of teleportation {@r4}
 E - 4 scrolls of enchant weapon
 F - 3 scrolls of fear
 H - 2 scrolls of recharging
 L - 2 scrolls of blinking
 R - 2 scrolls of magic mapping
 Y - 2 scrolls of immolation {!r}
Potions
 d - 4 potions of might
 e - a potion of flight
 g - a potion of cancellation
 h - 6 potions of curing {@q1}
 i - a potion of heal wounds {@q2}
 r - 3 potions of magic
 s - 2 potions of agility
 u - 4 potions of resistance
 x - 3 potions of brilliance
 z - 3 potions of haste {@q3}
 C - a potion of cure mutation
 M - 2 potions of mutation {!q}
 S - a potion of ambrosia {!q}
 U - a potion of lignification {!q}
 X - a potion of degeneration {!q}
Comestibles
 c - 13 bread rations
 A - 7 meat rations
 Q - 13 royal jellies

Dungeon Overview and Level Annotations

Branches:
Dungeon (14/15)            Temple (0/1) D:7            Lair (8/8) D:11
 Shoals (0/4) Lair:5        Snake (0/4) Lair:4        Slime (0/6) Lair:6
    Orc (4/4) D:11            Elf (0/3) Orc:4        Vaults (0/5) D:14

Altars:
Fedhas
Gozag
Kikubaaqudgha
Makhleb
Okawaru
Pakellas
Qazlal
Sif Muna
Beogh

Shops:
D:8 }   D:13 *   Orc:4 =*[(

Annotations:
D:14 Norris
Lair:8 exclusion: oklob plant

▒p▒▒▒▒▒▒+▒▒▒.▒
▒††..........▒
▒▒▒...........
▒...........
▒..........▒
▒.p........▒
▒...@......▒
▒▒▒▒'▒▒▒▒▒▒
▒.H▒ ▒▒.▒▒
▒..▒
▒▒▒▒▒▒▒'▒▒▒
▒.........▒
▒.........+
▒.........▒
▒.........▒
▒........?▒


You could see Norris and a human (fleeing).


Message History

You are exhausted.
You feel yourself slow down.
You are starving!
Something hits you but does no damage. Something hits you.
* * * LOW HITPOINT WARNING * * *
Read which item? (? for menu, Esc to quit)
Blink to where?
As you read the scroll of blinking, it crumbles to dust.
Something smites you!
* * * LOW HITPOINT WARNING * * *
Eat which item? (? for menu, Esc to quit)
Something hits you.
* * * LOW HITPOINT WARNING * * *
You finish eating.
That meat ration really hit the spot!
Drink which item? (? for menu, Esc to quit)
You feel much better.
Norris appears from thin air!
Reactivating autopickup.
Norris hits you but does no damage.
Norris hits you from afar with a spear of flaming!!
* * * LOW HITPOINT WARNING * * *
Norris burns you.
* * * LOW HITPOINT WARNING * * *
Read which item? (? for menu, Esc to quit)
Okay, then.
Read which item? (? for menu, Esc to quit)
As you read the scroll of fear, it crumbles to dust.
You assume a fearsome visage.
The human looks frightened!
Norris resists with almost no effort.
Norris hits you but does no damage.
Norris hits you from afar with a spear of flaming!!
You die...

Action                   |  1- 3 |  4- 6 |  7- 9 | 10-12 | 13-15 || total
-------------------------+-------+-------+-------+-------+-------++-------
Melee: Hand axe          |    87 |   117 |   257 |   684 |   710 ||  1855
       Battleaxe         |       |       |       |       |   252 ||   252
       Executioner's axe |       |       |       |       |   278 ||   278
Invok: Berserk           |     2 |     3 |     8 |     9 |     9 ||    31
       Trog's Hand       |       |     1 |       |     2 |     8 ||    11
       Brothers in Arms  |       |       |       |     1 |     5 ||     6
Evoke: Wand              |       |       |       |     3 |     5 ||     8
  Use: Scroll            |       |       |    19 |     6 |    15 ||    40
       Potion            |       |       |       |     1 |     3 ||     4
 Stab: Petrified         |       |       |       |       |     4 ||     4
       Petrifying        |       |       |       |       |     2 ||     2
  Eat: Chunk             |     2 |    15 |    28 |    19 |    33 ||    97
       Royal jelly       |       |       |       |       |     2 ||     2
       Meat ration       |       |       |       |       |     1 ||     1

Vault maps used:
D:1:      lightli_arrival_statuegarden
D:2:      first_bread, minivault_23
D:3:      uniq_jessica, uniq_robin, uniq_grinder, uniq_iyjb, uniq_terence
D:4:      gammafunk_temple_overflow_wave, uniq_edmund
D:5:      portal_sewer_entry_b, kennysheep_generic_room_8, uniq_pikel
D:6:      roderic_serpentine_path
D:7:      minmay_temple_entry_mist
D:8:      old_standard_altar, lemuel_zombie_altar_kikubaaqudgha, serial_shops,
          shop, grunt_ogre_cave, uniq_psyche
D:9:      grunt_pakellas_sulfur, kennysheep_generic_room_9
D:10:     uniq_erolcha
D:11:     erik_lair_orcish_takeover, orc_0_dummy
D:12:     nicolae_gozag_seed_capital
D:13:     serial_shops, nicolae_shop_statue_plus, nicolae_underground_beach
D:14:     david_vaults_3, serial_curves, eino_curves_04, eino_curves_03,
          eino_curves_02, eino_curves_02
Lair:1:   lemuel_slime, uniq_joseph, uniq_fannar
Lair:2:   basic_altar, grunt_megastairs_3
Lair:3:   minmay_stone_trees_medium, ldierk_geyser, grunt_megastairs_2,
          uniq_sonja
Lair:4:   guppyfry_snake_entry_island, basic_altar, minivault_19
Lair:5:   elwin_shoals_entry_rooms, serial_forest,
          infiniplex_forest_lined_room_2, infiniplex_forest_lined_ring,
          infiniplex_forest_lined_2, infiniplex_forest_zigzag_1,
          infiniplex_forest_straight_2, infiniplex_forest_clump_curved,
          infiniplex_forest_lined_3, serial_bayou_lagoon_b
Lair:6:   minmay_slime_entry_pillars, cheibrodos_lair_caveside_slide,
          minmay_stone_trees_small, infiniplex_staircase_pool, uniq_maud
Lair:7:   columned_hall_lemuel
Lair:8:   evilmike_catoblepas_cave, lemuel_oklob_altar
Orc:1:    led_sif_book
Orc:2:    serial_shops, shop, uniq_snorg
Orc:3:    serial_shops, nicolae_orc_pool_cavern
Orc:4:    st_orc_congregation, basic_altar, uniq_maurice
Sewer:    sewer_big_baddie

Notes
Turn   | Place    | Note
--------------------------------------------------------------
     0 | D:1      | ventricule the Minotaur Berserker began the quest for the Orb.
     0 | D:1      | Reached XP level 1. HP: 19/19 MP: 0/0
    19 | D:1      | Reached skill level 4 in Axes
   169 | D:1      | Reached XP level 2. HP: 21/26 MP: 1/1
   426 | D:1      | Reached skill level 5 in Axes
   646 | D:1      | Reached XP level 3. HP: 31/31 MP: 2/2
   835 | D:2      | Reached ** piety under Trog
  1087 | D:2      | Reached XP level 4. HP: 39/39 MP: 3/3
  1196 | D:2      | Reached skill level 6 in Axes
  1867 | D:3      | Noticed Robin
  1877 | D:3      | Reached skill level 3 in Armour
  1880 | D:3      | Reached *** piety under Trog
  1881 | D:3      | Killed Robin
  2025 | D:3      | Noticed Ijyb
  2037 | D:3      | Killed Ijyb
  2037 | D:3      | Reached XP level 5. HP: 43/45 MP: 4/4
  2135 | D:3      | Noticed Terence
  2176 | D:3      | Killed Terence
  2181 | D:3      | Reached skill level 4 in Armour
  2190 | D:3      | Reached skill level 7 in Axes
  2239 | D:3      | Noticed Grinder
  2258 | D:3      | Killed Grinder
  2258 | D:3      | Reached skill level 5 in Armour
  2258 | D:3      | Reached XP level 6. HP: 30/51 MP: 5/5
  2285 | D:3      | Noticed Jessica
  2296 | D:3      | Killed Jessica
  2565 | D:4      | Noticed M4edhros's ghost (amateur OpAr)
  2572 | D:4      | Killed M4edhros's ghost
  2572 | D:4      | Reached skill level 8 in Axes
  2572 | D:4      | Reached XP level 7. HP: 57/57 MP: 6/6
  2648 | D:4      | Reached skill level 6 in Armour
  2747 | D:4      | Identified 2 potions of resistance
  3243 | D:4      | Noticed Edmund
  3253 | D:4      | Killed Edmund
  3253 | D:4      | Reached skill level 9 in Axes
  3253 | D:4      | Reached skill level 7 in Armour
  3329 | D:4      | Found a burning altar of Makhleb.
  3329 | D:4      | Found an iron altar of Okawaru.
  3441 | D:5      | Entered Level 5 of the Dungeon
  3693 | D:5      | Noticed Pikel
  3703 | D:5      | Killed Pikel
  3703 | D:5      | Reached skill level 10 in Axes
  3703 | D:5      | Reached skill level 8 in Armour
  3703 | D:5      | Reached XP level 8. HP: 50/64 MP: 7/7
  4167 | D:5      | Found a glowing drain.
  4184 | Sewer    | Entered a sewer
  4216 | Sewer    | Reached **** piety under Trog
  4495 | D:6      | Reached skill level 11 in Axes
  5305 | D:7      | Found a staircase to the Ecumenical Temple.
  5315 | D:7      | Reached skill level 12 in Axes
  5315 | D:7      | Reached XP level 9. HP: 70/70 MP: 8/8
  6271 | D:8      | Found a blossoming altar of Fedhas.
  6278 | D:8      | Noticed Psyche
  6286 | D:8      | Killed Psyche
  6286 | D:8      | Reached skill level 13 in Axes
  6373 | D:8      | Found an ancient bone altar of Kikubaaqudgha.
  6442 | D:8      | Found Replen's Gadget Boutique.
  6705 | D:9      | Noticed a hill giant
  6714 | D:9      | Killed a hill giant
  6714 | D:9      | Reached skill level 14 in Axes
  6938 | D:9      | Reached skill level 4 in Fighting
  6938 | D:9      | Reached XP level 10. HP: 74/78 MP: 9/9
  7025 | D:9      | Reached skill level 3 in Dodging
  7097 | D:9      | Found an oddly glowing altar of Pakellas.
  7318 | D:10     | Entered Level 10 of the Dungeon
  7367 | D:10     | Reached skill level 9 in Armour
  7371 | D:10     | Reached skill level 5 in Fighting
  7602 | D:10     | Reached skill level 4 in Dodging
  7885 | D:10     | Noticed Erolcha
  7890 | D:10     | Killed Erolcha
  7890 | D:10     | Reached skill level 6 in Fighting
  7900 | D:10     | Reached skill level 5 in Dodging
  8251 | D:11     | Found a staircase to the Lair.
  8261 | D:11     | Reached skill level 10 in Armour
  8271 | D:11     | Received a gift from Trog
  8274 | D:11     | Reached skill level 7 in Fighting
  8295 | D:11     | Reached skill level 6 in Dodging
  8460 | D:11     | Found a staircase to the Orcish Mines.
  8496 | D:11     | Reached XP level 11. HP: 89/92 MP: 10/10
  8634 | D:11     | Reached skill level 8 in Fighting
  8867 | D:11     | Reached skill level 11 in Armour
  8873 | D:11     | Reached skill level 7 in Dodging
  9446 | Lair:1   | Entered Level 1 of the Lair of Beasts
  9486 | Lair:1   | Reached skill level 9 in Fighting
  9585 | Lair:1   | Reached ***** piety under Trog
  9585 | Lair:1   | Received a gift from Trog
  9644 | Lair:1   | Reached skill level 8 in Dodging
  9904 | Lair:1   | Noticed Fannar
  9917 | Lair:1   | Killed Fannar
  9917 | Lair:1   | Reached skill level 12 in Armour
 10164 | Lair:1   | Identified a wand of teleportation
 10165 | Lair:1   | Noticed Joseph
 10176 | Lair:1   | Killed Joseph
 10176 | Lair:1   | Reached skill level 10 in Fighting
 10298 | Lair:2   | Noticed cireshan's ghost (journeyman DECj)
 10310 | Lair:2   | Killed cireshan's ghost
 10310 | Lair:2   | Reached skill level 9 in Dodging
 10310 | Lair:2   | Reached XP level 12. HP: 106/106 MP: 11/11
 10332 | Lair:2   | Found a stormy altar of Qazlal.
 11245 | Lair:3   | Reached skill level 13 in Armour
 11364 | Lair:3   | Noticed a five-headed hydra
 11379 | Lair:3   | Killed a five-headed hydra
 11379 | Lair:3   | Reached skill level 11 in Fighting
 11379 | Lair:3   | Reached skill level 10 in Dodging
 11426 | Lair:3   | Noticed Sonja
 11666 | Lair:3   | Received a gift from Trog
 11713 | Lair:3   | Killed Sonja
 12213 | Lair:4   | Reached skill level 12 in Fighting
 12261 | Lair:4   | Reached skill level 14 in Armour
 12395 | Lair:4   | Reached skill level 11 in Dodging
 12397 | Lair:4   | Reached XP level 13. HP: 118/118 MP: 12/12
 12516 | Lair:4   | Found a staircase to the Snake Pit.
 12551 | Lair:4   | Found an iron altar of Okawaru.
 13290 | Lair:5   | Reached ****** piety under Trog
 13468 | Lair:5   | Found a staircase to the Shoals.
 13629 | Lair:6   | Received a gift from Trog
 13764 | Lair:6   | Found a staircase to the Slime Pits.
 13771 | Lair:6   | Reached skill level 13 in Fighting
 13797 | Lair:6   | You fall through a shaft for 2 floors!
 13797 | Lair:8   | Entered Level 8 of the Lair of Beasts
 13935 | Lair:8   | Reached skill level 12 in Dodging
 14036 | Lair:7   | Reached skill level 15 in Armour
 14864 | Lair:6   | Noticed Maud
 14875 | Lair:6   | Killed Maud
 14903 | Lair:6   | Reached skill level 14 in Fighting
 14911 | Lair:6   | Reached XP level 14. HP: 124/132 MP: 13/13
 14917 | Lair:6   | Received a gift from Trog
 15523 | Lair:8   | Found an iron altar of Okawaru.
 15530 | Lair:8   | Reached skill level 16 in Armour
 16089 | Lair:8   | Reached skill level 15 in Fighting
 16175 | Lair:8   | Received a gift from Trog
 16514 | Lair:8   | Reached skill level 17 in Armour
 17029 | Orc:1    | Entered Level 1 of the Orcish Mines
 17414 | Orc:1    | Found a deep blue altar of Sif Muna.
 17597 | Orc:2    | Received a gift from Trog
 18355 | Orc:3    | Reached skill level 15 in Axes
 18422 | Orc:4    | Entered Level 4 of the Orcish Mines
 18480 | Orc:4    | Found a staircase to the Elven Halls.
 18583 | Orc:4    | Found a roughly hewn altar of Beogh.
 18588 | Orc:4    | Received a gift from Trog
 18611 | Orc:4    | Noticed an orc warlord
 18854 | Orc:4    | Reached XP level 15. HP: 107/143 MP: 14/14
 18892 | Orc:4    | Reached skill level 16 in Axes
 19197 | Orc:4    | Found Usoixaul's General Store.
 19198 | Orc:4    | Found Ylaejepe's Jewellery Shoppe.
 19199 | Orc:4    | Found Hann's Antique Armour Shoppe.
 19199 | Orc:4    | Found Zyqasel's Antique Weapon Emporium.
 19203 | Orc:4    | Bought a smelly plate armour for 924 gold pieces
 19213 | Orc:4    | Identified the +10 plate armour "Fakamik" {rF+ Int+2} (You bought it in a shop on level 4 of the Orcish Mines)
 19224 | Orc:4    | Bought a potion of curing for 42 gold pieces
 19332 | D:12     | Found an opulent altar of Gozag.
 19526 | D:12     | Received a gift from Trog
 19869 | D:12     | Reached skill level 17 in Axes
 20361 | D:13     | Found Gamissyc's General Store.
 20367 | D:13     | Received a gift from Trog
 20380 | D:13     | Bought a scroll of identify for 28 gold pieces
 20380 | D:13     | Bought a scroll of enchant armour for 105 gold pieces
 20380 | D:13     | Bought a potion of haste for 140 gold pieces
 20380 | D:13     | Bought a scroll of identify for 28 gold pieces
 20382 | D:13     | Gained mutation: You possess an exceptional clarity of mind. [potion of beneficial mutation]
 20474 | D:13     | You fall through a shaft!
 20500 | D:14     | Found a gate to the Vaults.
 20503 | D:14     | Noticed Norris
 20564 | D:14     | Slain by Norris

Vanquished Creatures
  An orc warlord (Orc:4)
  Maud (Lair:6)
  A hydra (Lair:8)
  Fannar (Lair:1)
  Erolcha (D:10)
  4 catoblepae
  A centaur warrior (D:14)
  The ghost of cireshan the Thaumaturge, a journeyman DECj of Sif Muna (Lair:2)
  12 death yaks
  4 orc high priests (Orc:4)
  Sonja (Lair:3)
  An unseen horror (D:13)
  4 skeletal warriors (D:12)
  Pikel (D:5)
  3 orc sorcerers (Orc:4)
  3 hill giants
  2 cyclopes
  2 griffons
  2 ugly things
  5 orc knights
  2 manticores
  Joseph (Lair:1)
  18 elephants
  A centaur zombie (D:11)
  A siren (Lair:5)
  Psyche (D:8)
  A gargoyle (D:11)
  3 black mambas
  13 spiny frogs
  6 komodo dragons
  3 fire drakes
  A two-headed ogre (Orc:3)
  A queen bee (Lair:4)
  6 trolls
  A polar bear (Lair:7)
  Grinder (D:3)
  21 blink frogs
  4 slime creatures
  A vampire (D:14)
  2 wraiths (D:11)
  A wyvern (D:9)
  76 yaks
  5 basilisks
  10 hippogriffs
  2 deep elf magi
  4 vampire mosquitoes (D:11)
  14 wolves
  15 humans (D:14)
  A naga (Lair:4)
  Edmund (D:4)
  A soldier ant (D:11)
  5 wargs
  13 water moccasins
  2 ice beasts
  30 orc warriors
  A black bear (D:10)
  3 phantoms
  10 porcupines
  A wasp (D:11)
  2 sky beasts
  8 ogres
  8 centaurs
  2 slaves (D:5)
  2 eyes of draining
  The ghost of M4edhros the Charlatan, an amateur OpAr (D:4)
  15 crocodiles
  A big kobold (D:12)
  15 giant frogs
  2 wyvern zombies
  2 wyvern skeletons
  5 scorpions
  40 killer bees
  13 wights
  4 crimson imps
  25 orc priests
  7 hounds
  5 jellies
  Jessica (D:3)
  34 orc wizards
  Ijyb (D:3)
  A quasit (D:12)
  4 giant frog skeletons
  8 iguanas
  8 worker ants
  Terence (D:3)
  A killer bee zombie (D:11)
  6 sheep
  A worker ant zombie (D:7)
  Robin (D:3)
  8 adders
  4 gnolls
  72 river rats
  A shadow imp (D:6)
  16 oozes
  An adder zombie (D:10)
  2 adder skeletons
  6 worms
  5 giant geckos
  165 orcs
  2 ball pythons
  7 bats
  A bat zombie (D:8)
  3 giant cockroaches
  8 hobgoblins
  13 kobolds
  4 quokkas
  2 giant gecko skeletons
  4 giant newts
  16 goblins
  20 jackals
  9 rats
  2 rat zombies (D:8)
  10 fungi
  9 plants
948 creatures vanquished.

Vanquished Creatures (collateral kills)
  5 hydras
  A fire drake (Lair:7)
  A komodo dragon (Lair:8)
  5 yaks
  2 hippogriffs
  2 river rats (Lair:3)
16 creatures vanquished.

Vanquished Creatures (others)
  A crimson imp (D:5)
  A shadow imp (D:5)
  22 fungi
  2 plants
26 creatures vanquished.

Grand Total: 990 creatures vanquished
